 Dungeon Crawl Stone Soup version 0.28.0-43-g3370ac3207 (webtiles) character file.

Game seed: 16952077554800837022

16 Peloso the Covered (level 2, -3/27 HPs)
             Began as a Minotaur Fighter on Mar 28, 2022.
             Frozen to death by an endoplasm (4 damage)
             ... on level 2 of the Dungeon.
             The game lasted 00:00:48 (543 turns).

Peloso the Covered (Minotaur Fighter)                Turns: 543, Time: 00:00:49

Health: -3/27      AC:  7    Str: 20    XL:     2   Next: 37%
Magic:  1/1        EV:  8    Int:  5    God:
Gold:   38         SH:  8    Dex:  9    Spells: 1/1 levels left

rFire   . . .      SeeInvis .   a - +0 long sword
rCold   . . .      Faith    .   c - +0 kite shield
rNeg    . . .      Spirit   .   b - +0 scale mail
rPois   .          Reflect  .   (helmet restricted)
rElec   .          Harm     .   (no cloak)
rCorr   .          Rampage  .   (no gloves)
Will    .....                   (no boots)
Stlth   ..........              (no amulet)
HPRegen 0.09/turn               (no ring)
MPRegen 0.07/turn               (no ring)

@: no status effects
A: horns 2, retaliatory headbutt
a: no special abilities


You were on level 2 of the Dungeon.
You visited 1 branch of the dungeon, and saw 2 of its levels.

You collected 38 gold pieces.

Inventory:

Hand Weapons
 a - a +0 long sword (weapon)
Armour
 b - a +0 scale mail (worn)
 c - a +0 kite shield (worn)
Jewellery
 e - a ring of magical power
Scrolls
 f - 2 scrolls of immolation {unknown}
 g - a scroll of amnesia {unknown}
Potions
 d - 2 potions of might
 h - a potion of heal wounds {unknown}


   Skills:
 + Level 3.8 Fighting
 + Level 2.9 Long Blades
 + Level 4.0 Armour
 + Level 0.1 Dodging
 + Level 3.8 Shields


You had one spell level left.
You didn't know any spells.
Your spell library was empty.

Dungeon Overview and Level Annotations

Branches:
Dungeon (2/15)

Altars:


Innate Abilities, Weirdness & Mutations

You have a pair of horns on your head.
You reflexively headbutt those who attack you in melee.


Message History

You feel sick. The adder bites you but does no damage.
The endoplasm freezes you.
You are frozen.
The adder bites you.
The endoplasm jiggles.
You block the endoplasm's attack.
You closely miss the adder.
The adder is lightly wounded.
You feel sick. The adder bites you but does no damage.
The endoplasm freezes you.
You are frozen.
The adder bites you.
* * * LOW HITPOINT WARNING * * *
Unknown command.
You closely miss the adder.
The adder is lightly wounded.
You feel sick.
You are no longer poisoned.
You block the adder's attack. The endoplasm closely misses you.
The adder bites you but does no damage. The endoplasm hits you.
* * * LOW HITPOINT WARNING * * *
You closely miss the adder.
The adder is lightly wounded.
The adder closely misses you. The endoplasm barely misses you.
The adder bites you.
* * * LOW HITPOINT WARNING * * *
Unknown command.
You barely miss the adder.
The adder is lightly wounded.
The adder barely misses you.
The endoplasm hits you but does no damage.
The adder bites you but does no damage.
Unknown command.
You hit the adder.
The adder is severely wounded.
The endoplasm freezes you.
You are frozen.
* * * LOW HITPOINT WARNING * * *
You block the adder's attack. The endoplasm freezes you.
You are frozen.
You die...

.....<.#
........ .
#.....#.
#.#..#. ###
..... .)#
#..# #.#
#..####.#.#.
#.#
#.†J@S......
#.#
#.#####.#.#.
#.# #.#
#<#######.#
#.........#
########..#
#..# #..#
#..#


You could see an adder and an endoplasm.

Vanquished Creatures
  A worm (D:2)
  2 endoplasms (D:1)
  A hobgoblin (D:1)
  A quokka (D:1)
  2 bats (D:1)
  2 frilled lizards (D:1)
  A kobold (D:1)
  4 rats (D:1)
14 creatures vanquished.

Notes
Turn   | Place    | Note
-------+----------+-------------------------------------------
     0 | D:1      | Peloso the Minotaur Fighter began the quest for the Orb.
     0 | D:1      | Reached XP level 1. HP: 19/19 MP: 0/0
   171 | D:1      | Reached XP level 2. HP: 23/27 MP: 1/1
   379 | D:1      | Reached skill level 4 in Armour
   541 | D:2      | HP: 1/27 [adder (1)]
   543 | D:2      | Frozen to death by an endoplasm

Illustrated notes

Levels and vault maps discovered:
D:1:      scummos_arrival_simple_fountains, layout_basic
D:2:      layout_loops_ring, hellmonk_ecumenical_altar_arch_garden

Skill      XL: |  1  2 |
---------------+-------+-----
Armour         | 4 |  4.0
Fighting       | |  3.8
Long Blades    | |  2.9
Dodging        | |  0.1
Shields        | |  3.8

Action                   || total
-------------------------++-------
Melee: Long sword        ||    34
       Headbutt          ||     4
Armor: Scale mail        ||    20
Dodge: Dodged            ||    21
Block: Buckler           ||     2
       Kite shield       ||     8
